PR
LADUE RAMS @ CROWLEY CAJUNS
08/29/2042
 
TOP OF THE 1ST
Ladue Rams batting - Pitching for Crowley Cajuns : LHP Huibert Illidge
Pitching: LHP Huibert Illidge
Batting: RHB Luis Colmenaris 0-0: Called Strike
0-1: Ball
1-1: Bunted foul
1-2: Foul Ball, location: 2F
1-2: Ball
2-2: DOUBLE (Groundball, 3L, EV 108.1 MPH)
Batting: RHB Drew Rose 0-0: Foul Ball, location: 2F
0-1: Ball
1-1: Called Strike
1-2: Ball
2-2: Ball
3-2: SINGLE (Line Drive, 7S, EV 110.6 MPH)
Luis Colmenaris to third
Runner from 3rd tries for Home, SAFE, throw by LF to home
Batting: RHB Tangaloa Manaolana 0-0: Ball
1-0: SINGLE (Line Drive, 89S, EV 94.4 MPH)
Drew Rose to second
Runner from 2nd tries for 3rd, SAFE, throw by RF made to third
Batting: RHB Muneyaki Hayashi 0-0: Fielders Choice at 2nd, 4-6 (Groundball, 34, EV 110.0 MPH)
Drew Rose scores
Batting: LHB Ruff McGruffin 0-0: Ball
1-0: Ball
2-0: Called Strike
2-1: Swinging Strike
2-2: Strikes out swinging
Batting: RHB César Hinojosa 0-0: Ball
1-0: Ball
2-0: SINGLE (Groundball, 6MD, EV 103.8 MPH)
Muneyaki Hayashi to second
Runner from 2nd tries for 3rd, SAFE, throw by CF made to third
Batting: SHB Tom Lenehan 0-0: Foul Ball, location: 2F
0-1: Fielders Choice at 2nd, 6-4 (Groundball, 6, EV 90.0 MPH)
Top of the 1st over - 2 runs, 4 hits, 0 errors, 2 left on base; Ladue 2 - Crowley 0
BOTTOM OF THE 1ST
Crowley Cajuns batting - Pitching for Ladue Rams : LHP Nathan Eldridge
Pitching: LHP Nathan Eldridge
Batting: RHB Júlio Muńóz 0-0: Ball
1-0: Ball
2-0: Foul Ball, location: 2F
2-1: SINGLE (Groundball, 6MD, EV 100.0 MPH)
Batting: RHB Noel Bourke 0-0: Ball
1-0: Ball
2-0: Ball
3-0: Called Strike
3-1: Base on Balls
Júlio Muńóz to second
Batting: RHB Shuan-yan Bu 0-0: Called Strike
0-1: Ball
1-1: Swinging Strike
1-2: Strikes out looking
Batting: RHB Maurice Wrightson 0-0: Ball
1-0: Ball
2-0: Called Strike
2-1: Ball
3-1: Fielders Choice at 2nd, 6-4 (Groundball, 56, EV 101.9 MPH)
Júlio Muńóz to third
Batting: RHB Allan Selkirk 0-0: Ball
1-0: Foul Ball, location: 2F
1-1: Ball
2-1: SINGLE (Line Drive, 7S, EV 86.2 MPH)
Júlio Muńóz scores
Maurice Wrightson to second
Batting: RHB Pedro Ramos 0-0: Ball
1-0: Ball
2-0: Called Strike
2-1: Swinging Strike
2-2: Ball
3-2: Strikes out swinging
Bottom of the 1st over - 1 run, 2 hits, 0 errors, 2 left on base; Ladue 2 - Crowley 1
TOP OF THE 2ND
Ladue Rams batting - Pitching for Crowley Cajuns : LHP Huibert Illidge
Batting: LHB Jermaine Tuttle 0-0: Ball
1-0: Ball
2-0: Swinging Strike
2-1: Bunt missed!
2-2: Ball
3-2: Foul Ball, location: 2F
3-2: Base on Balls
Batting: LHB Guillermo Valverde 0-0: Called Strike
0-1: Fly out, F7 (Line Drive, 7D, EV 96.9 MPH)
Batting: RHB Luis Colmenaris 0-0: Foul Ball, location: 2F
0-1: Ball
1-1: Swinging Strike
1-2: Fielders Choice at 2nd, 5-4 (Groundball, 5, EV 100.0 MPH)
Batting: RHB Drew Rose 0-0: Ball
1-0: Ball
2-0: SINGLE (Groundball, 6MD, EV 99.4 MPH)
Luis Colmenaris to second
Runner from 2nd tries for 3rd, SAFE, throw by CF made to third
Batting: RHB Tangaloa Manaolana 0-0: Called Strike
0-1: Swinging Strike
0-2: Strikes out looking
Top of the 2nd over - 0 runs, 1 hit, 0 errors, 2 left on base; Ladue 2 - Crowley 1
BOTTOM OF THE 2ND
Crowley Cajuns batting - Pitching for Ladue Rams : LHP Nathan Eldridge
Batting: RHB Bill Palmer 0-0: Bunted foul
0-1: Foul Ball, location: 2F
0-2: Ball
1-2: Ball
2-2: Ball
3-2: Foul Ball, location: 2F
3-2: SINGLE (Groundball, 6MD, EV 100.6 MPH)
Batting: RHB Li-ren Ren 0-0: Foul Ball, location: 2F
0-1: Foul Ball, location: 2F
0-2: Foul Ball, location: 2F
0-2: Foul Ball, location: 2F
0-2: Fly out, F7 (Flyball, 78M, EV 85.6 MPH)
Batting: RHB Albert Estrada 0-0: Ball
1-0: Ground out U3 (Groundball, 34, EV 86.2 MPH)
Bill Palmer to second
Batting: RHB Júlio Muńóz 0-0: Called Strike
0-1: Ground out 3-1 (Groundball, 34, EV 110.6 MPH)
Bottom of the 2nd over - 0 runs, 1 hit, 0 errors, 1 left on base; Ladue 2 - Crowley 1
TOP OF THE 3RD
Ladue Rams batting - Pitching for Crowley Cajuns : LHP Huibert Illidge
Batting: RHB Muneyaki Hayashi 0-0: Ball
1-0: Ball
2-0: Foul Ball, location: 2F
2-1: Swinging Strike
2-2: DOUBLE (Line Drive, 8LXD, EV 101.2 MPH)
Batting: LHB Ruff McGruffin 0-0: Ball
1-0: Foul Ball, location: 2F
1-1: Foul Ball, location: 2F
1-2: Ball
2-2: 2-RUN HOME RUN (Flyball, 9D, EV 96.2 MPH), Distance : 373 ft
Batting: RHB César Hinojosa 0-0: Foul Ball, location: 2F
0-1: Ball
1-1: Ball
2-1: Called Strike
2-2: SINGLE (Groundball, 56D, EV 100.0 MPH)
Batting: SHB Tom Lenehan 0-0: Foul Ball, location: 2F
0-1: Ball
1-1: Foul Ball, location: 2F
1-2: Ball
2-2: Foul Ball, location: 2F
2-2: Foul Ball, location: 2F
2-2: Foul Ball, location: 2F
2-2: Strikes out swinging
Batting: LHB Jermaine Tuttle 0-0: Called Strike
0-1: Called Strike
0-2: Ball
1-2: Ball
2-2: Foul Ball, location: 2F
2-2: Foul Ball, location: 2F
2-2: Fielders Choice at 2nd, 4-6 (Groundball, 4M, EV 106.2 MPH)
Batting: LHB Guillermo Valverde 0-0: Called Strike
0-1: Ground out U3 (Groundball, 3, EV 101.9 MPH)
Top of the 3rd over - 2 runs, 3 hits, 0 errors, 1 left on base; Ladue 4 - Crowley 1
BOTTOM OF THE 3RD
Crowley Cajuns batting - Pitching for Ladue Rams : LHP Nathan Eldridge
Batting: RHB Noel Bourke 0-0: Called Strike
0-1: Ball
1-1: Ball
2-1: Ground out 3-1 (Groundball, 34, EV 100.0 MPH)
Batting: RHB Shuan-yan Bu 0-0: Ball
1-0: Foul Ball, location: 2F
1-1: Ground out 6-3 (Groundball, 6M, EV 101.9 MPH)
Batting: RHB Maurice Wrightson 0-0: Ball
1-0: DOUBLE (Line Drive, 7LS, EV 96.9 MPH)
Batting: RHB Allan Selkirk 0-0: Ball
1-0: Called Strike
1-1: Called Strike
1-2: Foul Ball, location: 2F
1-2: Ball
2-2: Ground out 5-3 (Groundball, 56, EV 106.9 MPH)
Bottom of the 3rd over - 0 runs, 1 hit, 0 errors, 1 left on base; Ladue 4 - Crowley 1
TOP OF THE 4TH
Ladue Rams batting - Pitching for Crowley Cajuns : LHP Huibert Illidge
Batting: RHB Luis Colmenaris 0-0: Called Strike
0-1: Swinging Strike
0-2: Ball
1-2: Strikes out swinging
Batting: RHB Drew Rose 0-0: Called Strike
0-1: Ball
1-1: Ball
2-1: SOLO HOME RUN (Flyball, 7D, EV 101.2 MPH), Distance : 397 ft
Batting: RHB Tangaloa Manaolana 0-0: Ball
1-0: Called Strike
1-1: Ground out 5-3 (Groundball, 56S, EV 88.1 MPH)
Batting: RHB Muneyaki Hayashi 0-0: Fly out, F3 (Popup, 3SF, EV 74.4 MPH)
Top of the 4th over - 1 run, 1 hit, 0 errors, 0 left on base; Ladue 5 - Crowley 1
BOTTOM OF THE 4TH
Crowley Cajuns batting - Pitching for Ladue Rams : LHP Nathan Eldridge
Batting: RHB Pedro Ramos 0-0: Fly out, F9 (Flyball, 89D, EV 95.0 MPH)
Batting: RHB Bill Palmer 0-0: Ball
1-0: Ball
2-0: Ball
3-0: Called Strike
3-1: Called Strike
3-2: Fly out, F7 (Flyball, 78M, EV 88.8 MPH)
Batting: RHB Li-ren Ren 0-0: Fly out, F6 (Popup, 6D, EV 64.4 MPH)
Bottom of the 4th over - 0 runs, 0 hits, 0 errors, 0 left on base; Ladue 5 - Crowley 1
TOP OF THE 5TH
Ladue Rams batting - Pitching for Crowley Cajuns : LHP Huibert Illidge
Batting: LHB Ruff McGruffin 0-0: Called Strike
0-1: Ball
1-1: Foul Ball, location: 2F
1-2: Foul Ball, location: 2F
1-2: Strikes out swinging
Batting: RHB César Hinojosa 0-0: Ball
1-0: Ball
2-0: Ball
3-0: Base on Balls
Batting: SHB Tom Lenehan 0-0: Ball
1-0: Ball
2-0: Ball
3-0: Called Strike
3-1: Fly out, F1 (Line Drive, P, EV 70.0 MPH)
Pitching: RHP Albert González
Batting: LHB Jermaine Tuttle 0-0: Ball
1-0: Ball
2-0: Ball
3-0: Called Strike
3-1: Base on Balls
César Hinojosa to second
Batting: LHB Guillermo Valverde 0-0: Ball
1-0: Ball
2-0: Called Strike
2-1: Ball
3-1: Foul Ball, location: 2F
3-2: Base on Balls
César Hinojosa to third
Jermaine Tuttle to second
Batting: RHB Luis Colmenaris 0-0: Ball
1-0: Ball
2-0: Called Strike
2-1: Called Strike
2-2: Strikes out looking
Top of the 5th over - 0 runs, 0 hits, 0 errors, 3 left on base; Ladue 5 - Crowley 1
BOTTOM OF THE 5TH
Crowley Cajuns batting - Pitching for Ladue Rams : LHP Nathan Eldridge
Batting: RHB Albert Estrada 0-0: SINGLE (Groundball, P, EV 65.0 MPH) (infield hit)
Batting: RHB Júlio Muńóz 0-0: Called Strike
Albert Estrada steals 2nd base
0-1: Called Strike
0-2: Foul Ball, location: 2F
0-2: Ball
1-2: SINGLE (Groundball, 56D, EV 99.4 MPH)
Albert Estrada to third
Runner from 3rd tries for Home, SAFE, throw by LF to home
Batting: RHB Noel Bourke 0-0: Ball
1-0: Fly out, F9 (Flyball, 89D, EV 108.8 MPH)
Batting: RHB Shuan-yan Bu 0-0: Foul Ball, location: 2F
0-1: Fly out, F9 (Flyball, 9, EV 89.4 MPH)
Batting: RHB Maurice Wrightson 0-0: Ball
Júlio Muńóz is caught stealing 2nd base 2-4
Bottom of the 5th over - 1 run, 2 hits, 0 errors, 0 left on base; Ladue 5 - Crowley 2
TOP OF THE 6TH
Ladue Rams batting - Pitching for Crowley Cajuns : RHP Albert González
Batting: RHB Drew Rose 0-0: Ball
1-0: Called Strike
1-1: Called Strike
1-2: Ball
2-2: Ball
3-2: Foul Ball, location: 2F
3-2: Strikes out swinging
Batting: RHB Tangaloa Manaolana 0-0: Ball
1-0: Called Strike
1-1: Ground out 6-3 (Groundball, 6, EV 99.4 MPH)
Batting: RHB Muneyaki Hayashi 0-0: Ball
1-0: DOUBLE (Groundball, 5L, EV 100.6 MPH)
Batting: LHB Ruff McGruffin 0-0: Ball
1-0: Called Strike
1-1: Called Strike
1-2: Foul Ball, location: 2F
1-2: Strikes out swinging
Top of the 6th over - 0 runs, 1 hit, 0 errors, 1 left on base; Ladue 5 - Crowley 2
BOTTOM OF THE 6TH
Crowley Cajuns batting - Pitching for Ladue Rams : LHP Nathan Eldridge
Batting: RHB Maurice Wrightson 0-0: Called Strike
0-1: Foul Ball, location: 2F
0-2: Ball
1-2: Foul Ball, location: 2F
1-2: Fly out, F8 (Flyball, 8RS, EV 74.4 MPH)
Batting: RHB Allan Selkirk 0-0: Ball
1-0: Called Strike
1-1: Foul Ball, location: 2F
1-2: Foul Ball, location: 2F
1-2: Strikes out swinging
Batting: RHB Pedro Ramos 0-0: Called Strike
0-1: Foul Ball, location: 2F
0-2: Ball
1-2: Ball
2-2: Foul Ball, location: 2F
2-2: Ball
3-2: Foul Ball, location: 2F
3-2: Ground out 5-3 (Groundball, 56, EV 96.9 MPH)
Bottom of the 6th over - 0 runs, 0 hits, 0 errors, 0 left on base; Ladue 5 - Crowley 2
TOP OF THE 7TH
Ladue Rams batting - Pitching for Crowley Cajuns : RHP Albert González
Batting: RHB César Hinojosa 0-0: Called Strike
0-1: Ball
1-1: Ball
2-1: Ball
3-1: Foul Ball, location: 2F
3-2: Ground out 3-1 (Groundball, 34, EV 110.0 MPH)
Batting: SHB Tom Lenehan 0-0: Swinging Strike
0-1: Swinging Strike
0-2: Ball
1-2: Strikes out swinging
Batting: LHB Jermaine Tuttle 0-0: Ball
1-0: Swinging Strike
1-1: Called Strike
1-2: Ball
2-2: Ball
3-2: Base on Balls
Batting: LHB Guillermo Valverde 0-0: Ball
1-0: Ball
2-0: Ball
3-0: Called Strike
3-1: Called Strike
3-2: Base on Balls
Jermaine Tuttle to second
Batting: RHB Luis Colmenaris 0-0: Called Strike
0-1: Called Strike
0-2: Ball
1-2: Strikes out swinging
Top of the 7th over - 0 runs, 0 hits, 0 errors, 2 left on base; Ladue 5 - Crowley 2
BOTTOM OF THE 7TH
Crowley Cajuns batting - Pitching for Ladue Rams : LHP Nathan Eldridge
Batting: RHB Bill Palmer 0-0: Called Strike
0-1: Foul Ball, location: 2F
0-2: Ball
1-2: Foul Ball, location: 2F
1-2: Strikes out looking
Batting: RHB Li-ren Ren 0-0: Ball
1-0: Ball
2-0: Ground out 6-3 (Groundball, 6, EV 88.1 MPH)
Batting: RHB Albert Estrada 0-0: Called Strike
0-1: Ball
1-1: Foul Ball, location: 2F
1-2: Foul Ball, location: 2F
1-2: SINGLE (Groundball, 4M, EV 89.4 MPH) (infield hit)
Batting: RHB Júlio Muńóz 0-0: Foul Ball, location: 2F
0-1: Ball
1-1: Swinging Strike
1-2: Strikes out swinging
Bottom of the 7th over - 0 runs, 1 hit, 0 errors, 1 left on base; Ladue 5 - Crowley 2
TOP OF THE 8TH
Ladue Rams batting - Pitching for Crowley Cajuns : RHP Albert González
Batting: RHB Drew Rose 0-0: Ball
1-0: Swinging Strike
1-1: Called Strike
1-2: Ball
2-2: Foul Ball, location: 2F
2-2: Foul Ball, location: 2F
2-2: Fly out, F7 (Flyball, 7S, EV 81.9 MPH)
Batting: RHB Tangaloa Manaolana 0-0: Ball
1-0: Called Strike
1-1: Ball
2-1: Foul Ball, location: 2F
2-2: Foul Ball, location: 2F
2-2: Ball
3-2: Base on Balls
Pitching: RHP Steve Roberts
Batting: RHB Muneyaki Hayashi 0-0: Foul Ball, location: 2F
0-1: Foul Ball, location: 2F
0-2: Strikes out swinging
Batting: LHB Ruff McGruffin 0-0: Foul Ball, location: 2F
0-1: Ball
1-1: Ball
2-1: Foul Ball, location: 2F
2-2: Foul Ball, location: 2F
2-2: SINGLE (Groundball, 34D, EV 95.0 MPH)
Tangaloa Manaolana to second
Runner from 2nd tries for 3rd, SAFE, throw by RF made to third
Batting: RHB César Hinojosa 0-0: Ball
1-0: Ball
2-0: SINGLE (Groundball, 6MD, EV 106.9 MPH)
Tangaloa Manaolana scores
Ruff McGruffin to second
Batting: SHB Tom Lenehan 0-0: Ball
1-0: Swinging Strike
1-1: Ball
2-1: Foul Ball, location: 2F
2-2: Ball
3-2: Strikes out looking
Top of the 8th over - 1 run, 2 hits, 0 errors, 2 left on base; Ladue 6 - Crowley 2
BOTTOM OF THE 8TH
Crowley Cajuns batting - Pitching for Ladue Rams : LHP Nathan Eldridge
Pitching: RHP Ramón Echevarría
Batting: RHB Noel Bourke 0-0: Ball
1-0: Ball
2-0: Called Strike
2-1: Ground out 6-3 (Groundball, 6, EV 85.6 MPH)
Batting: RHB Shuan-yan Bu 0-0: Ground out 6-3 (Groundball, 6, EV 95.6 MPH)
Batting: RHB Maurice Wrightson 0-0: Called Strike
0-1: Ball
1-1: Foul Ball, location: 2F
1-2: Strikes out swinging
Bottom of the 8th over - 0 runs, 0 hits, 0 errors, 0 left on base; Ladue 6 - Crowley 2
TOP OF THE 9TH
Ladue Rams batting - Pitching for Crowley Cajuns : RHP Steve Roberts
Pitching: RHP Carlos Rosado
Batting: LHB Jermaine Tuttle 0-0: Called Strike
0-1: Swinging Strike
0-2: Ball
1-2: Ball
2-2: Ground out 5-3 (Groundball, 56S, EV 86.9 MPH)
Batting: LHB Guillermo Valverde 0-0: Fly out, F7 (Flyball, 78D, EV 82.5 MPH)
Batting: RHB Luis Colmenaris 0-0: Foul Ball, location: 2F
0-1: Ball
1-1: Ball
2-1: Called Strike
2-2: SINGLE (Line Drive, 56, EV 98.8 MPH)
Batting: RHB Drew Rose 0-0: Ball
1-0: Swinging Strike
1-1: Foul Ball, location: 2F
1-2: Fly out, F9 (Flyball, 9LM, EV 110.6 MPH)
Top of the 9th over - 0 runs, 1 hit, 0 errors, 1 left on base; Ladue 6 - Crowley 2
BOTTOM OF THE 9TH
Crowley Cajuns batting - Pitching for Ladue Rams : RHP Ramón Echevarría
Pitching: LHP Albert Crawford
Batting: RHB Allan Selkirk 0-0: Called Strike
0-1: Called Strike
0-2: Ball
1-2: Foul Ball, location: 2F
1-2: Strikes out swinging
Batting: RHB Pedro Ramos 0-0: Ball
1-0: Foul Ball, location: 2F
1-1: Ball
2-1: Ball
3-1: Base on Balls
Batting: RHB Bill Palmer 0-0: Ball
1-0: Foul Ball, location: 2F
1-1: SINGLE (Line Drive, 78M, EV 106.9 MPH)
Pedro Ramos to second
Batting: RHB Li-ren Ren 0-0: Swinging Strike
0-1: Ball
1-1: Called Strike
1-2: Ball
2-2: 3-RUN HOME RUN (Flyball, 7D, EV 96.9 MPH), Distance : 399 ft
Batting: RHB Albert Estrada 0-0: Ground out 6-3 (Groundball, 56, EV 105.6 MPH)
Batting: RHB Júlio Muńóz 0-0: Called Strike
0-1: Called Strike
0-2: Foul Ball, location: 2F
0-2: Foul Ball, location: 2F
0-2: Ball
1-2: Strikes out looking
Bottom of the 9th over - 3 runs, 2 hits, 0 errors, 0 left on base; Ladue 6 - Crowley 5
Friday, March 26th, 2021 - OOTP Baseball 20.8 Build 74